 Dungeon Crawl Stone Soup version 0.27-a0-1188-g73eefd5def (webtiles) character file.

Game seed: 4875832346471256193

129 ZappyNine the Sneak (level 5, -1/32 HPs)
             Began as a Kobold Brigand on May 21, 2021.
             Slain by an orc
             ... wielding a +2 flail of protection
              (7 damage)
             ... on level 3 of the Dungeon.
             The game lasted 00:02:17 (1985 turns).

ZappyNine the Sneak (Kobold Brigand)                Turns: 1985, Time: 00:02:18

Health: -1/32      AC:  3    Str:  8    XL:     5   Next: 35%
Magic:  5/5        EV: 15    Int: 12    God:
Gold:   135        SH:  0    Dex: 18    Spells: 4/4 levels left

rFire    . . .     SeeInvis .   n - +6 dagger (venom)
rCold    . . .     Faith    .   (shield restricted)
rNeg     . . .     Spirit   .   b - +0 robe
rPois    .         Reflect  .   (no helmet)
rElec    .         Harm     .   c - +0 cloak
rCorr    .         Rampage  .   (no gloves)
Will     .....                  (no boots)
Stlth    +++++.....             (no amulet)
HPRegen  0.10/turn              (no ring)
MPRegen  0.09/turn              (no ring)

@: no status effects
A: small, no large weapons, nightstalker 3
a: no special abilities


You were on level 3 of the Dungeon.
You visited 1 branch of the dungeon, and saw 3 of its levels.

You collected 135 gold pieces.

Inventory:

Hand Weapons
 a - a +2 dagger
 n - a +6 dagger of venom (weapon)
Missiles
 d - 7 poisoned darts (quivered)
 e - 2 curare-tipped darts
Armour
 b - a +0 robe (worn)
 c - a +0 cloak (worn)
Jewellery
 r - a ring of willpower
Scrolls
 f - 2 scrolls of acquirement {unknown}
 g - a scroll of magic mapping {unknown}
 h - 3 scrolls of identify {unknown}
 i - a scroll of amnesia {unknown}
 l - a scroll of enchant weapon {unknown}
 m - a scroll of vulnerability {unknown}
 o - 2 scrolls of teleportation {unknown}
 s - a scroll of fear {unknown}
Potions
 j - 2 potions of flight {unknown}
 k - a potion of invisibility {unknown}
 p - a potion of heal wounds {unknown}
 q - a potion of lignification {unknown}


   Skills:
 * Level 3.5 Fighting
 - Level 2.6 Short Blades
 - Level 2.1 Throwing
 * Level 3.1 Dodging
 + Level 7.0 Stealth


You had 4 spell levels left.
You didn't know any spells.
Your spell library contained the following spells:

 Spells                   Type           Power      Damage    Failure   Level
 Corona                   Hex            0%         N/A       32%         1
 Ensorcelled Hibernation  Hex/Ice        0%         N/A       45%         2
 Confusing Touch          Hex            0%         N/A       69%         3
 Dazzling Flash           Conj/Hex       0%         N/A       69%         3
 Tukima's Dance           Hex            0%         N/A       69%         3


Dungeon Overview and Level Annotations

Branches:
Dungeon (3/15)

Altars:

Shops:
D:1 (   D:2 :


Innate Abilities, Weirdness & Mutations

You are small and have problems with some larger weapons.
You are completely attuned to the shadows.


Message History

The orc wizard flickers and vanishes!
Deactivating autopickup; reactivate with Ctrl-A.
The orc wizard completely misses you.
You barely miss the orc wizard. The orc wizard closely misses you.
You closely miss the orc wizard.
The orc wizard hits you with a +0 dagger.
You closely miss the orc wizard. You hit the orc wizard.
The orc wizard is poisoned.
The orc wizard is lightly wounded.
The orc wizard hits you but does no damage.
You puncture the orc wizard!
The orc wizard is severely wounded.
The orc wizard points at you and mumbles some strange words.
The magic dart hits you.
You puncture the orc wizard!
You kill the orc wizard!
You have reached level 5!
You feel agile. Something hits you.
Things that are here:
a +0 dagger; a +0 robe; an orc corpse You hit something.
You hear some strange, mumbled words.
A magic dart appears from out of thin air!
The magic dart hits you.
The orc throws a stone.
You miss something. Something hits you.
You completely miss something.
You hear some strange, mumbled words.
A magic dart appears from out of thin air!
The magic dart hits you.
* * * LOW HITPOINT WARNING * * *
You hit something.
Reactivating autopickup.
You feel a bit more experienced.
Your Dodging skill increases to level 3!
Your Stealth skill increases to level 7!
You hit the orc.
The orc is poisoned.
The orc is lightly wounded.
The orc hits you with a +2 flail of protection!
You die...

.....##
##......
#.....#
#)..#
#o# #@#
#.# #.#
#.# #.#
#.# #.#
#.# #.#


You could see an orc (poisoned).

Vanquished Creatures
  Jessica (D:2)
  2 orc wizards (D:3)
  An adder (D:2)
  2 dart slugs (D:1)
  An orc (D:3)
  8 bats
  5 endoplasms
  A giant cockroach (D:1)
  3 goblins
  7 hobgoblins
  5 kobolds
  A quokka (D:1)
  A ball python (D:1)
  2 frilled lizards (D:1)
  3 rats
43 creatures vanquished.

Notes
Turn   | Place    | Note
-------+----------+-------------------------------------------
     0 | D:1      | ZappyNine the Kobold Brigand began the quest for the Orb.
     0 | D:1      | Reached XP level 1. HP: 12/12 MP: 1/1
   228 | D:1      | Reached XP level 2. HP: 17/17 MP: 2/2
   232 | D:1      | Reached skill level 6 in Stealth
   583 | D:1      | Reached XP level 3. HP: 16/21 MP: 3/3
  1041 | D:1      | Found Astro's Weapon Emporium.
  1527 | D:2      | Noticed Jessica
  1531 | D:2      | Killed Jessica
  1532 | D:2      | Reached XP level 4. HP: 27/27 MP: 4/4
  1746 | D:2      | Found a faded altar of an unknown god.
  1850 | D:2      | Found Liunapn's Book Boutique.
  1980 | D:3      | Reached XP level 5. HP: 18/32 MP: 5/5
  1985 | D:3      | Reached skill level 7 in Stealth
  1985 | D:3      | Slain by an orc

Illustrated notes

Levels and vault maps discovered:
D:1:      nzn_arrival_water_spiral, layout_basic, serial_shops, shop
D:2:      layout_rooms, serial_shops, shop,
          shapermc_ecumenical_altar_totnotflames, uniq_jessica
D:3:      layout_loops_corners, trog_butcher_becter, corexii_shack

Skill      XL: |  1  2  3  4  5 |
---------------+----------------+-----
Stealth        | 6 7 |  7.0
Dodging        | 2 3 |  3.1
Fighting       | 3 |  3.5
Short Blades   | |  2.6
Throwing       | |  2.1

Action                   |  1- 3 |  4- 6 || total
-------------------------+-------+-------++-------
Melee: Dagger            |    78 |    19 ||    97
Throw: Dart              |     1 |       ||     1
 Stab: Sleeping          |    23 |     3 ||    26
Armor: Robe              |    22 |     2 ||    24
Dodge: Dodged            |    39 |     6 ||    45

Table legend: (Time is in decaauts)
 A = Elapsed time spent in this place.
 B = Non-inter-level travel time spent in this place.
 C = Inter-level travel time spent in this place.
 D = Time resting spent in this place.
 E = Time spent auto-exploring this place.
 F = Levels seen in this place.
 G = Mean time per level.
                   A        B        C        D        E       F      G
               +--------+--------+--------+--------+--------+-----+--------+
         Total |   1975 |   1957 |     18 |      0 |   1691 |   3 |  658.3 |
       Dungeon |   1975 |   1957 |     18 |      0 |   1691 |   3 |  658.3 |
               +--------+--------+--------+--------+--------+-----+--------+

Top non-repeatable levels by time:
     D:1: 1367 daAuts
     D:2: 532 daAuts
     D:3: 75 daAuts
